 Dungeon Crawl Stone Soup version 0.28.0 (webtiles) character file.

Game seed: 15981051702902116790

193 bande the Covered (level 5, -11/33 HPs)
             Began as a Gargoyle Fighter on Feb 6, 2022.
             Mangled by an ogre (20 damage)
             ... on level 4 of the Dungeon.
             The game lasted 00:06:08 (3863 turns).

bande the Covered (Gargoyle Fighter)                Turns: 3863, Time: 00:06:08

Health: -11/33     AC: 13    Str: 20    XL:     5   Next: 72%
Magic:  5/5        EV:  9    Int:  8    God:
Gold:   126        SH:  4    Dex: 11    Spells: 3/4 levels left

rFire   . . .      SeeInvis .   a - +0 war axe
rCold   . . .      Faith    .   c - +0 buckler
rNeg    + . .      Spirit   .   b - +0 scale mail
rPois   ∞          Reflect  .   (no helmet)
rElec   +          Harm     .   h - +1 cloak
rCorr   .          Rampage  .   (no gloves)
Will    .....                   (no boots)
Stlth   ..........              f - amulet of regeneration
HPRegen 0.91/turn               (no ring)
MPRegen 0.09/turn               (no ring)

@: no status effects
A: sickness immunity, AC +4, negative energy resistance 1, electricity
resistance, torment resistance 1, petrification resistance
a: no special abilities


You were on level 4 of the Dungeon.
You visited 1 branch of the dungeon, and saw 4 of its levels.

You collected 126 gold pieces.

Inventory:

Hand Weapons
 a - a +0 war axe (weapon)
 j - a +0 flail
Armour
 b - a +0 scale mail (worn)
 c - a +0 buckler (worn)
 h - a +1 cloak (worn)
Jewellery
 f - an amulet of regeneration (around neck)
 g - an amulet of magic regeneration
Potions
 d - a potion of might
 e - a potion of resistance
 i - a potion of heal wounds {unknown}


   Skills:
 + Level 3.8 Fighting
 + Level 3.5 Axes
 + Level 4.1 Armour
 + Level 3.7 Shields
 * Level 1.9 Translocations


You had 3 spell levels left.
You knew the following spells:

 Your Spells              Type           Power      Damage    Failure   Level
a - Apportation           Tloc           6%         N/A       58%         1

Your spell library contained the following spells:

 Spells                   Type           Power      Damage    Failure   Level
 Animate Skeleton         Necr           0%         N/A       85%         1
 Summon Small Mammal      Summ           0%         N/A       85%         1
 Ensorcelled Hibernation  Hex/Ice        0%         N/A       94%         2
 Passwall                 Tmut/Erth      0%         N/A       94%         2
 Spider Form              Tmut/Pois      0%         N/A       99%         3
 Swiftness                Air            0%         N/A       99%         3
 Anguish                  Hex/Necr       0%         N/A       100%        4


Dungeon Overview and Level Annotations

Branches:
Dungeon (4/15)
 Temple: D:4-7

Altars:


Innate Abilities, Weirdness & Mutations

You are immune to sickness and miasma.
Your stone body is resilient. (AC +4)
You are immune to poison.
You resist negative energy. (rN+)
You are resistant to electric shocks. (rElec)
You are resistant to unholy torment.
You are immune to petrification.


Message History

No target in view!
No target in view!
No target in view!
No target in view!
Things that are here:
a +0 club; a goblin corpse A jackal comes into view.
Found a spear.
The jackal barks!
A jackal comes into view.
The jackal barks!
An ogre comes into view. It is wielding a +0 giant club.
You barely miss the jackal. You hit the jackal.
The jackal bites you but does no damage.
You block the jackal's attack. The jackal barely misses you.
The jackal bites you but does no damage.
You slash the jackal!
You kill the jackal!
You closely miss the jackal. The jackal bites you.
The jackal closely misses you.
You hit the jackal.
You kill the jackal!
You completely miss the ogre.
The ogre hits you with a +0 giant club!!
Ouch! That really hurt!
* * * LOW HITPOINT WARNING * * *
You are too injured to fight recklessly!
You are too injured to fight recklessly!
You are too injured to fight recklessly!
You are too injured to fight recklessly!
You are too injured to fight recklessly!
You are too injured to fight recklessly!
You are too injured to fight recklessly!
You are too injured to fight recklessly!
You are too injured to fight recklessly!
Unknown command.
You closely miss the ogre.
The ogre hits you with a +0 giant club!!
Ouch! That really hurt!
You die...

#.##..#.##.####...#
#.##.((.##.# #...#
.........#.# #...#
##.##......####...######.
#. ###..................
#.##....................
....#..................
....#....####.#...#.####.
... .....# #.#.@.#.# ##
#.##### #.#†O.#.# #.
#...# #...# .)... ###.###
#.. #..


You could see an ogre.

Vanquished Creatures
  A water moccasin skeleton (D:3)
  A hound (D:4)
  Crazy Yiuf (D:2)
  2 worms
  A dart slug (D:2)
  2 orcs (D:3)
  10 endoplasms
  2 giant cockroaches (D:1)
  10 hobgoblins
  6 jackals
  2 quokkas (D:2)
  6 ball pythons
  9 bats
  A frilled lizard (D:2)
  4 goblins
  5 kobolds
  10 rats
73 creatures vanquished.

Vanquished Creatures (others)
  4 plants (D:3)
4 creatures vanquished.

Grand Total: 77 creatures vanquished

Notes
Turn   | Place    | Note
-------+----------+-------------------------------------------
     0 | D:1      | bande the Gargoyle Fighter began the quest for the Orb.
     0 | D:1      | Reached XP level 1. HP: 14/14 MP: 1/1
   624 | D:1      | Reached XP level 2. HP: 19/19 MP: 2/2
   947 | D:1      | Learned a level 1 spell: Apportation
  1358 | D:1      | Found a faded altar of an unknown god.
  1481 | D:1      | Reached XP level 3. HP: 23/23 MP: 3/3
  2299 | D:2      | Reached skill level 1 in Translocations
  2438 | D:2      | Found a runed translucent door.
  2439 | D:2      | Noticed Crazy Yiuf
  2767 | D:2      | Reached XP level 4. HP: 28/28 MP: 4/4
  2916 | D:2      | Killed Crazy Yiuf
  2917 | D:2      | Reached skill level 4 in Armour
  3092 | D:3      | Reached XP level 5. HP: 33/33 MP: 5/5
  3857 | D:4      | Noticed an ogre
  3863 | D:4      | Mangled by an ogre

Illustrated notes

Levels and vault maps discovered:
D:1:      dpeg_arrival_another_circle, layout_basic, serial_corexii_hall,
          chequers_hall_statues_y, corexii_hall_statues_i,
          chequers_ecumenical_altar_island
D:2:      layout_loops_ring, corner_web_ring, uniq_crazy_yiuf_cottage
D:3:      layout_basic, grunt_ministairs_13, serial_bayou_lagoon_a, hex_medium,
          kennysheep_generic_room_14
D:4:      layout_loops_cross, uniq_menkaure

Skill      XL: |  1  2  3  4 |
---------------+-------------+-----
Axes           | 2 3 |  3.5
Translocations | 1 |  1.9
Armour         | 4 |  4.1
Fighting       | |  3.8
Shields        | |  3.7

Action                   |  1- 3 |  4- 6 || total
-------------------------+-------+-------++-------
Melee: War axe           |   128 |    72 ||   200
  Use: Scroll            |     3 |     1 ||     4
Armor: Scale mail        |    56 |    33 ||    89
Dodge: Dodged            |    59 |    37 ||    96
Block: Buckler           |    33 |    14 ||    47
